3L
OAKLAND OAKS @ MONTANA PANDAS
09/03/2029
 
TOP OF THE 1ST
Oakland Oaks batting - Pitching for Montana Pandas : LHP Edison Larson
Pitching: LHP Edison Larson
Batting: RHB Yehonatan Chazan 0-0: Called Strike
0-1: Ground out 6-3 (Groundball, 56D)
Batting: LHB Edwin Church 0-0: Ball
1-0: Ball
2-0: SOLO HOME RUN (Flyball, 9D), Distance : 339 ft
Batting: LHB Todd Henry 0-0: Ball
1-0: Ball
2-0: Called Strike
2-1: Foul Ball, location: 2F
2-2: Strikes out swinging
Batting: RHB Joseph Papasogli 0-0: Foul Ball, location: 2F
0-1: Ball
1-1: SINGLE (Line Drive, 6D)
Batting: RHB Mike Wazowski 0-0: Ball
1-0: Called Strike
1-1: Ball
Joseph Papasogli is caught stealing 2nd base
Top of the 1st over - 1 run, 2 hits, 0 errors, 0 left on base; Oakland 1 - Montana 0
BOTTOM OF THE 1ST
Montana Pandas batting - Pitching for Oakland Oaks : RHP Mal Houser
Pitching: RHP Mal Houser
Batting: LHB Roberto Fierro 0-0: Ball
1-0: Foul Ball, location: 2F
1-1: Ground out 6-3 (Groundball, 6S)
Batting: LHB Ned Durand 0-0: Called Strike
0-1: Swinging Strike
0-2: Foul Ball, location: 2F
0-2: Strikes out looking
Batting: LHB Enrique Ortega 0-0: Foul Ball, location: 2F
0-1: Ground out 3-1 (Groundball, 34S)
Bottom of the 1st over - 0 runs, 0 hits, 0 errors, 0 left on base; Oakland 1 - Montana 0
TOP OF THE 2ND
Oakland Oaks batting - Pitching for Montana Pandas : LHP Edison Larson
Batting: RHB Mike Wazowski 0-0: Called Strike
0-1: SOLO HOME RUN (Flyball, 7LD), Distance : 339 ft
Batting: SHB Luis Luquín 0-0: Ball
1-0: Fly out, F8 (Line Drive, 8LXD)
Batting: LHB David Holbrook 0-0: Swinging Strike
0-1: SINGLE (Groundball, 3D)
Batting: RHB Ricardo Téllez 0-0: Ball
1-0: Called Strike
1-1: Ball
2-1: Fielders Choice at 2nd, 6-4 (Groundball, 6)
Batting: RHB Joe Phillips 0-0: Ball
1-0: Ball
Ricardo Téllez is caught stealing 2nd base
Top of the 2nd over - 1 run, 2 hits, 0 errors, 0 left on base; Oakland 2 - Montana 0
BOTTOM OF THE 2ND
Montana Pandas batting - Pitching for Oakland Oaks : RHP Mal Houser
Batting: RHB Phil Sherman 0-0: Ball
1-0: Called Strike
1-1: Foul Ball, location: 2F
1-2: Ball
2-2: Strikes out swinging, 2-3 out at first.
Batting: LHB Chris McKinney 0-0: SINGLE (Groundball, 6D)
Batting: LHB José León 0-0: Called Strike
0-1: Ball
1-1: Foul Ball, location: 2F
1-2: Fly out, F9 (Flyball, 9S)
Batting: RHB Pau Arria 0-0: Called Strike
0-1: Ball
1-1: Foul Ball, location: 2F
1-2: Ball
2-2: Ground out 5-3 (Groundball, 56S)
Bottom of the 2nd over - 0 runs, 1 hit, 0 errors, 1 left on base; Oakland 2 - Montana 0
TOP OF THE 3RD
Oakland Oaks batting - Pitching for Montana Pandas : LHP Edison Larson
Batting: RHB Joe Phillips 0-0: Ball
1-0: Foul Ball, location: 2F
1-1: Ball
2-1: Fly out, F9 (Flyball, 9S)
Batting: RHB Yehonatan Chazan 0-0: Foul Ball, location: 2F
0-1: Ball
1-1: Fly out, F8 (Flyball, 8RM)
Batting: LHB Edwin Church 0-0: Foul Ball, location: 2F
0-1: Called Strike
0-2: Foul Ball, location: 2F
0-2: Strikes out swinging
Top of the 3rd over - 0 runs, 0 hits, 0 errors, 0 left on base; Oakland 2 - Montana 0
BOTTOM OF THE 3RD
Montana Pandas batting - Pitching for Oakland Oaks : RHP Mal Houser
Batting: LHB Alfred Miles 0-0: Ball
1-0: Called Strike
1-1: Ball
2-1: Ball
3-1: Called Strike
3-2: Foul Ball, location: 2F
3-2: Foul Ball, location: 2F
3-2: DOUBLE (Flyball, 89D)
Batting: RHB John MacGregor 0-0: Foul Ball, location: 2F
0-1: Ground out 4-3 (Groundball, 4)
Alfred Miles to third
Batting: LHB Roberto Fierro 0-0: Foul Ball, location: 2F
0-1: Ball
1-1: Ball
2-1: Ball
3-1: Base on Balls
Batting: LHB Ned Durand 0-0: Ball
Roberto Fierro steals 2nd base
1-0: Swinging Strike
1-1: Foul Ball, location: 2F
1-2: Foul Ball, location: 2F
1-2: Strikes out swinging
Batting: LHB Enrique Ortega 0-0: Ball
1-0: Ball
2-0: Ground out 6-3 (Groundball, 6S)
Bottom of the 3rd over - 0 runs, 1 hit, 0 errors, 2 left on base; Oakland 2 - Montana 0
TOP OF THE 4TH
Oakland Oaks batting - Pitching for Montana Pandas : LHP Edison Larson
Batting: LHB Todd Henry 0-0: Ball
1-0: Called Strike
1-1: Ball
2-1: Foul Ball, location: 2F
2-2: Foul Ball, location: 2F
2-2: Strikes out swinging
Batting: RHB Joseph Papasogli 0-0: Foul Ball, location: 2F
0-1: Ball
1-1: Ball
2-1: Ground out 5-3 (Groundball, 56)
Batting: RHB Mike Wazowski 0-0: Ball
1-0: Ball
2-0: Ball
3-0: Called Strike
3-1: SOLO HOME RUN (Flyball, 78XD), Distance : 375 ft
Batting: SHB Luis Luquín 0-0: Swinging Strike
0-1: Foul Ball, location: 2F
0-2: Foul Ball, location: 2F
0-2: Ball
1-2: Ball
2-2: Ball
3-2: Strikes out swinging
Top of the 4th over - 1 run, 1 hit, 0 errors, 0 left on base; Oakland 3 - Montana 0
BOTTOM OF THE 4TH
Montana Pandas batting - Pitching for Oakland Oaks : RHP Mal Houser
Batting: RHB Phil Sherman 0-0: Called Strike
0-1: Swinging Strike
0-2: Ball
1-2: Strikes out swinging
Batting: LHB Chris McKinney 0-0: Called Strike
0-1: Called Strike
0-2: Foul Ball, location: 2F
0-2: Strikes out swinging
Batting: LHB José León 0-0: Ball
1-0: Foul Ball, location: 2F
1-1: Ball
2-1: Ball
3-1: SINGLE (Groundball, 6MD)
Batting: RHB Pau Arria 0-0: Called Strike
0-1: Fly out, F6 (Line Drive, 6)
Bottom of the 4th over - 0 runs, 1 hit, 0 errors, 1 left on base; Oakland 3 - Montana 0
TOP OF THE 5TH
Oakland Oaks batting - Pitching for Montana Pandas : LHP Edison Larson
Batting: LHB David Holbrook 0-0: SINGLE (Groundball, 3D)
Batting: RHB Ricardo Téllez 0-0: Fly out, F7 (Flyball, 78D)
Batting: RHB Joe Phillips 0-0: Ball
1-0: Ball
2-0: Fly out, F9 (Flyball, 9S)
Batting: RHB Yehonatan Chazan 0-0: Ball
1-0: Foul Ball, location: 2F
1-1: Ball
2-1: Called Strike
2-2: SINGLE (Line Drive, 4D)
David Holbrook to second
Runner from 2nd tries for 3rd, SAFE, throw made to third
Batting: LHB Edwin Church 0-0: SINGLE (Groundball, 34D)
David Holbrook scores
Yehonatan Chazan to second
Runner from 2nd tries for 3rd, SAFE, no throw
Batting: LHB Todd Henry 0-0: Called Strike
0-1: Foul Ball, location: 2F
0-2: Strikes out looking
Top of the 5th over - 1 run, 3 hits, 0 errors, 2 left on base; Oakland 4 - Montana 0
BOTTOM OF THE 5TH
Montana Pandas batting - Pitching for Oakland Oaks : RHP Mal Houser
Batting: LHB Alfred Miles 0-0: Called Strike
0-1: Ball
1-1: Ball
2-1: SINGLE (Groundball, 4MD)
Batting: RHB John MacGregor 0-0: Called Strike
0-1: Swinging Strike
0-2: Ball
1-2: Ball
2-2: Strikes out looking
Batting: LHB Roberto Fierro 0-0: Swinging Strike
0-1: Called Strike
0-2: Fielders Choice at 2nd, 4-6 (Groundball, 4)
Batting: LHB Ned Durand 0-0: Ground out 1-3 (Groundball, 13S)
Bottom of the 5th over - 0 runs, 1 hit, 0 errors, 1 left on base; Oakland 4 - Montana 0
TOP OF THE 6TH
Oakland Oaks batting - Pitching for Montana Pandas : LHP Edison Larson
Batting: RHB Joseph Papasogli 0-0: Called Strike
0-1: Swinging Strike
0-2: Ball
1-2: Fly out, F8 (Flyball, 8LD)
Batting: RHB Mike Wazowski 0-0: Ball
1-0: Foul Ball, location: 2F
1-1: Ball
2-1: Ball
3-1: Foul Ball, location: 2F
3-2: Base on Balls
Batting: SHB Luis Luquín 0-0: Ball
1-0: Ball
2-0: Ball
3-0: Called Strike
3-1: Called Strike
3-2: Grounds into double play, 4-6-3 (Groundball, 4)
Top of the 6th over - 0 runs, 0 hits, 0 errors, 0 left on base; Oakland 4 - Montana 0
BOTTOM OF THE 6TH
Montana Pandas batting - Pitching for Oakland Oaks : RHP Mal Houser
Batting: LHB Enrique Ortega 0-0: Called Strike
0-1: Ball
1-1: Ball
2-1: Ball
3-1: Base on Balls
Batting: RHB Phil Sherman 0-0: Called Strike
0-1: 2-RUN HOME RUN (Flyball, 7D), Distance : 356 ft
Batting: LHB Chris McKinney 0-0: Called Strike
0-1: Called Strike
0-2: Strikes out looking
Batting: LHB José León 0-0: Called Strike
0-1: Foul Ball, location: 2F
0-2: Ball
1-2: DOUBLE (Line Drive, 7LS)
Batting: RHB Pau Arria 0-0: Called Strike
0-1: Swinging Strike
0-2: Ball
1-2: Ground out 2-3 (Groundball, 2R)
José León to third
Pitching: RHP Júlio Maes
Batting: LHB Alfred Miles 0-0: Ball
1-0: Foul Ball, location: 2F
1-1: Called Strike
1-2: Foul Ball, location: 2F
1-2: Foul Ball, location: 2F
1-2: Ground out 1-3 (Groundball, 13S)
Bottom of the 6th over - 2 runs, 2 hits, 0 errors, 1 left on base; Oakland 4 - Montana 2
TOP OF THE 7TH
Oakland Oaks batting - Pitching for Montana Pandas : LHP Edison Larson
Batting: LHB David Holbrook 0-0: Called Strike
0-1: Ball
1-1: Foul Ball, location: 2F
1-2: Strikes out looking
Pitching: RHP Raúl Luna
Batting: RHB Ricardo Téllez 0-0: Ball
1-0: Called Strike
1-1: Ball
2-1: Ball
3-1: Called Strike
3-2: Foul Ball, location: 2F
3-2: SINGLE (Line Drive, 6MD)
Batting: RHB Joe Phillips 0-0: Called Strike
0-1: Ball
1-1: 2-RUN HOME RUN (Flyball, 7D), Distance : 370 ft
Batting: RHB Yehonatan Chazan 0-0: Foul Ball, location: 2F
0-1: Fly out, F4 (Line Drive, 4MD)
Batting: LHB Edwin Church 0-0: Ball
1-0: Ball
2-0: Ball
3-0: Base on Balls
Batting: LHB Todd Henry 0-0: Foul Ball, location: 2F
0-1: Called Strike
0-2: Strikes out looking
Top of the 7th over - 2 runs, 2 hits, 0 errors, 1 left on base; Oakland 6 - Montana 2
BOTTOM OF THE 7TH
Montana Pandas batting - Pitching for Oakland Oaks : RHP Júlio Maes
Batting: RHB John MacGregor 0-0: Ball
1-0: Ball
2-0: Foul Ball, location: 2F
2-1: Foul Ball, location: 2F
2-2: Foul Ball, location: 2F
2-2: Fly out, F9 (Flyball, 9)
Batting: LHB Roberto Fierro 0-0: Ball
1-0: Called Strike
1-1: Foul Ball, location: 2F
1-2: SINGLE (Groundball, 34D)
Batting: LHB Ned Durand 0-0: Called Strike
0-1: Swinging Strike
0-2: Foul Ball, location: 2F
0-2: Ball
1-2: Foul Ball, location: 2F
1-2: Ball
2-2: Foul Ball, location: 2F
2-2: Foul Ball, location: 2F
2-2: 2-RUN HOME RUN (Flyball, 9LD), Distance : 317 ft
Pitching: RHP Chris Lynskey
Batting: LHB Enrique Ortega 0-0: Foul Ball, location: 2F
0-1: Ball
1-1: Foul Ball, location: 2F
1-2: Ball
2-2: Foul Ball, location: 2F
2-2: Fly out, F8 (Flyball, 8RM)
Batting: RHB Phil Sherman 0-0: Ball
1-0: Called Strike
1-1: Ball
2-1: Ground out 6-3 (Groundball, 6)
Bottom of the 7th over - 2 runs, 2 hits, 0 errors, 0 left on base; Oakland 6 - Montana 4
TOP OF THE 8TH
Oakland Oaks batting - Pitching for Montana Pandas : RHP Raúl Luna
Batting: RHB Joseph Papasogli 0-0: Fly out, F8 (Flyball, 8LXD)
Batting: RHB Mike Wazowski 0-0: Called Strike
0-1: Ball
1-1: Ball
2-1: Foul Ball, location: 2F
2-2: Ball
3-2: Base on Balls
Pitching: LHP Morlack Spurgeon
Batting: SHB Luis Luquín 0-0: Called Strike
0-1: Fly out, F9 (Flyball, 89S)
Batting: LHB David Holbrook 0-0: Ball
1-0: Called Strike
1-1: Called Strike
1-2: Ball
2-2: Strikes out looking
Top of the 8th over - 0 runs, 0 hits, 0 errors, 1 left on base; Oakland 6 - Montana 4
BOTTOM OF THE 8TH
Montana Pandas batting - Pitching for Oakland Oaks : RHP Chris Lynskey
Batting: LHB Chris McKinney 0-0: Ball
1-0: Ball
2-0: Ball
3-0: Base on Balls
Batting: LHB José León 0-0: SINGLE (Groundball, 4MD)
Chris McKinney to second
Pitching: RHP Gil Brown
Pinch Hitting: LHB Francisco Ornelas 0-0: Swinging Strike
0-1: Fly out, F4 (Line Drive, 4)
Batting: LHB Alfred Miles 0-0: Called Strike
0-1: Fly out, F7 (Flyball, 7)
Pinch Hitting: LHB António Ramos 0-0: Ball
1-0: Called Strike
1-1: Ball
2-1: Ball
3-1: Base on Balls
Chris McKinney to third
José León to second
Batting: LHB Roberto Fierro 0-0: Ball
1-0: Swinging Strike
1-1: Foul Ball, location: 2F
1-2: Ground out U3 (Groundball, 34S)
Bottom of the 8th over - 0 runs, 1 hit, 0 errors, 3 left on base; Oakland 6 - Montana 4
TOP OF THE 9TH
Oakland Oaks batting - Pitching for Montana Pandas : LHP Morlack Spurgeon
Now at 3B: Chris Costa
Now at SS: Miguel Cruz
Batting: RHB Ricardo Téllez 0-0: SINGLE (Groundball, 4) (infield hit)
Batting: RHB Joe Phillips 0-0: Ball
1-0: Called Strike
1-1: Ball
2-1: Ground out 3-1 (Groundball, 34)
Ricardo Téllez to second
Batting: RHB Yehonatan Chazan 0-0: Intentional Walk
Pitching: RHP Jeff Territt
Batting: LHB Edwin Church 0-0: Ball
1-0: Called Strike
Ricardo Téllez steals 3rd base
1-1: Foul Ball, location: 2F
1-2: Ball
2-2: Fly out, F4 (Popup, 23)
Batting: LHB Todd Henry 0-0: Ball
Wild Pitch!
Ricardo Téllez scores
Yehonatan Chazan to second
1-0: Foul Ball, location: 2F
1-1: Ball
2-1: Foul Ball, location: 2F
2-2: Strikes out looking
Top of the 9th over - 1 run, 1 hit, 0 errors, 1 left on base; Oakland 7 - Montana 4
BOTTOM OF THE 9TH
Montana Pandas batting - Pitching for Oakland Oaks : RHP Gil Brown
Pitching: LHP José Castaneda
Batting: LHB Ned Durand 0-0: Ball
1-0: Foul Ball, location: 2F
1-1: Ground out 3-1 (Groundball, 34S)
Batting: LHB Enrique Ortega 0-0: Ball
1-0: Ball
2-0: Called Strike
2-1: Foul Ball, location: 2F
2-2: Ball
3-2: Foul Ball, location: 2F
3-2: Ground out 4-3 (Groundball, 4)
Batting: RHB Phil Sherman 0-0: Ball
1-0: Fly out, F7 (Flyball, 7S)
Bottom of the 9th over - 0 runs, 0 hits, 0 errors, 0 left on base; Oakland 7 - Montana 4
Tuesday, December 19th, 2017 - OOTP Baseball 18.8 Build 76